Celery, chaotic female sylph Rogue ------ ----- |....| |...| |.``.----.`.| |..`........| |..--->---..| |---------.--- |..^^^<|.....| |(.----|`....| --^| |.....| |.-----.....| |%.Ea)......| |..---------- ---- Celery the Rogue Experience level: 8 Strength: 13 Dexterity: 17 Constitution: 15 Intelligence: 13 Wisdom: 12 Charisma: 8 Health: 0(68) Energy: 49(49) Def: 4 Gold: 251 Moves: 4517 Dungeon seed: qtBu6dFtbpX5yHQN Game ID: Celery_1470061340 Your Inventory: Coins $ - 251 gold pieces Amulets c - an uncursed amulet of ESP M - a cursed amulet of change R - an uncursed amulet of change Weapons p - 5 uncursed +0 daggers (wielded) Q - 7 uncursed +0 daggers (in quiver) Armor e - a blessed greased fireproof +3 cloak of magic resistance (being worn) n - an uncursed +0 mummy wrapping y - an uncursed +0 cloak of invisibility Comestibles t - an uncursed pancake E - 2 uncursed food rations F - an uncursed clove of garlic L - an uncursed cram ration T - an uncursed egg Scrolls l - a blessed scroll of earth s - an uncursed scroll of earth Rings m - an uncursed ring of free action q - an uncursed +1 ring of gain constitution B - an uncursed ring of see invisible O - an uncursed ring of poison resistance W - an uncursed ring of teleportation Wands h - an uncursed wand of opening (0:3) A - a blessed wand of opening (0:5) J - an uncursed wand of magic missile (0:6) Y - an uncursed wand of striking (0:7) Tools d - an uncursed sack f - an uncursed skeleton key g - an uncursed blindfold o - an uncursed tallow candle (0:200) v - an uncursed lock pick w - an uncursed tin whistle D - an uncursed sack K - an uncursed magic lamp N - 3 uncursed wax candles (0:400) X - an uncursed +0 pick-axe Gems a - an uncursed worthless piece of blue glass r - an uncursed topaz stone z - 2 uncursed worthless pieces of white glass P - 2 uncursed worthless pieces of yellowish brown glass Contents of the sack: 1194 gold pieces a cursed scroll of create monster 2 uncursed scrolls of enchant weapon an uncursed scroll of fire an uncursed scroll of genocide an uncursed scroll of magic mapping an uncursed scroll of scare monster an uncursed spellbook of detect monsters an uncursed potion of extra healing an uncursed potion of gain energy an uncursed potion of healing a cursed potion of healing an uncursed potion of monster detection an uncursed potion of oil a cursed potion of paralysis an uncursed potion of restore ability an uncursed potion of sickness an uncursed potion of water an uncursed wand of wishing (1:0) Spells and supernatural/magical abilities: Name Level Category Fail Memory f - fireball 4 attack 100% 94% n - detect monsters 1 divination 36% 94% H - haste self 3 escape 100% 94% W - pray for help -- divine ? -- Your skills at the end: Miscellaneous Skills wands [Basic] Weapon Skills dagger [Expert] short sword [Basic] Spellcasting Skills healing spells [Basic] Final Attributes: You were piously aligned. You were magic-protected. You saw invisible. You had infravision. You were displaced. You were stealthy. You were protected from shape changers. You are dead. Vanquished creatures: 2 small mimics a chameleon a giant beetle a cockatrice a leprechaun a dwarf mummy a raven a gnome mummy 3 fire ants a baby crocodile a fog cloud 2 gnome lords a kobold mummy 3 giant ants 2 floating eyes 3 kittens a dwarf a kobold shaman 4 iguanas 2 hill orcs 3 rothes a giant bat a dwarf zombie a werejackal 6 hobbits an acid blob a giant rat 3 cave spiders a brown mold a gnome 2 gnome zombies 7 jackals a kobold 8 newts 2 goblins 6 sewer rats 2 grid bugs 7 lichens 87 creatures vanquished. Voluntary challenges: You were vegetarian. You had been an atheist until turn 2668. You used a wielded weapon 136 times, starting on turn 250. You did not apply a unicorn horn. You read items or engraved 26 times, starting on turn 2149. You never genocided any monsters. You never polymorphed an object. You never changed form. You used 1 wish, starting on turn 3451. You did not wish for any artifacts. You never split a pudding. You never wrote Elbereth's name. You never violated your personal moral code. Dungeon overview: The Dungeons of Doom: levels 1 to 9 Level 1 a long staircase Level 2 a long staircase Level 3 a fountain Level 4 a fountain Level 5 an armor shop, some fountains Level 6 a potion shop Level 7 a general store, a fountain Level 8 many fountains Level 9 a fountain stairs to Sokoban Sokoban: Level 8 <- You were here a magic chest stairs to The Dungeons of Doom History has recorded: On T:1 you entered the Dungeons of Doom to retrieve the Amulet of Yendor! On T:394 you reached level 2 of The Dungeons of Doom. On T:587 you advanced to experience level 2. On T:859 you advanced to experience level 3. On T:947 you reached level 3 of The Dungeons of Doom. On T:1321 you reached level 4 of The Dungeons of Doom. On T:1646 you advanced to experience level 4. On T:1778 you reached level 5 of The Dungeons of Doom. On T:2209 you advanced to experience level 5. On T:2675 you reached level 6 of The Dungeons of Doom. On T:3119 you reached level 7 of The Dungeons of Doom. On T:3190 you advanced to experience level 6. On T:3451 you wished for "blessed greased fixed +3 cloak of magic resistance". On T:3623 you reached level 8 of The Dungeons of Doom. On T:3682 you advanced to experience level 7. On T:3684 you received advice from The Oracle. On T:3684 you advanced to experience level 8. On T:4068 you reached level 9 of The Dungeons of Doom. On T:4267 you reached level 4 of Sokoban. Score breakdown: Gold: 1445 ( 144 points) Experience: 8 levels ( 700 points) Exploration: 9 levels ( 240 points) Discoveries: 11 items ( 550 points) Variety of kills: 38 monsters ( 1900 points) Major goal: (nothing yet) ( 0 points) Survival: died (score multiplied by 3) Total score: 10602 Latest messages: The fire ant bites! (2x) The fire ant strikes at your displaced image and misses you! (2x) The fire ant bites! The fire ant just misses! You throw 2 daggers. The 1st dagger hits the fire ant. The 2nd dagger hits the fire ant! The fire ant bites! (4x) You stab the fire ant. The fire ant bites! (2x) You see here a cockatrice corpse. You have a little trouble lifting Q - 3 uncursed +0 daggers (in quiver). (2x) The fire ant strikes at your displaced image and misses you! (2x) You are now most skilled in dagger. The dagger hits the fire ant. The fire ant just misses! The fire ant bites! (3x) You throw 2 daggers. The 1st dagger hits the fire ant. The 2nd dagger hits the fire ant! The fire ant bites! (5x) You die... Final status: Goodbye Celery the Rogue, killed by a fire ant... You died in Sokoban on dungeon level 8 with 10602 points, and 1445 pieces of gold, after 4517 moves. You were level 8 with a maximum of 68 hit points when you died.